 Dungeon Crawl Stone Soup version 0.29.1-15-g9cfb28693d (webtiles) character file.

Game seed: 15721396256791939802

133 raph the Stinger (level 5, -1/35 HPs)
             Began as a Merfolk Venom Mage on Mar 29, 2023.
             Slain by an orc
             ... wielding a +0 falchion
              (5 damage)
             ... on level 2 of the Dungeon.
             The game lasted 00:04:37 (2842 turns).

raph the Stinger (Merfolk Venom Mage)               Turns: 2842, Time: 00:04:37

Health: -1/35      AC:  3    Str:  9    XL:     5   Next: 16%
Magic:  6/8        EV: 12    Int: 16    God:
Gold:   57         SH:  0    Dex: 14    Spells: 2/8 levels left

rFire   . . .      SeeInvis .   d - +0 short sword
rCold   . . .      Faith    .   (no shield)
rNeg    . . .      Spirit   .   a - +0 robe
rPois   .          Reflect  .   (no helmet)
rElec   .          Harm     .   l - +0 cloak
rCorr   .          Rampage  .   (no gloves)
Will    .....                   (no boots)
Stlth   ++........              (no amulet)
HPRegen 0.11/turn               (no ring)
MPRegen 0.11/turn               (no ring)

@: no status effects
A: (nimble swimmer 2), mertail
a: no special abilities


You were on level 2 of the Dungeon.
You visited 1 branch of the dungeon, and saw 3 of its levels.

You collected 122 gold pieces.
You spent 65 gold pieces at shops.

Inventory:

Hand Weapons
 d - a +0 short sword (weapon)
Armour
 a - a +0 robe (worn)
 l - a +0 cloak (worn)
Scrolls
 i - a scroll of enchant weapon {unknown}
 k - a scroll of butterflies {unknown}
 m - a scroll of torment {unknown}
Potions
 b - a potion of magic
 c - a potion of heal wounds {unknown}
 e - 2 potions of curing
 f - a potion of might {unknown}
 g - a potion of resistance {unknown}
 h - 3 potions of attraction {unknown}
 j - a potion of brilliance {unknown}


   Skills:
 - Level 2.6 Dodging
 - Level 2.1 Stealth
 + Level 2.2 Spellcasting
 + Level 0.6 Conjurations
 - Level 1.3 Transmutations
 * Level 5.9 Poison Magic


You had 2 spell levels left.
You knew the following spells:

 Your Spells              Type           Power      Damage    Failure   Level
a - Sting                 Tmut/Pois      52%        1d5       4%          1
b - Poisonous Vapours     Pois/Air       22%        N/A       9%          2
c - Mephitic Cloud        Conj/Pois/Air  8%         N/A       24%         3

Your spell library contained the following spells:

 Spells                   Type           Power      Damage    Failure   Level
 Necrotise                Necr           4%         1d4       21%         1
 Olgreb's Toxic Radiance  Pois           20%        N/A       17%         4
 Vampiric Draining        Necr           1%         2d6       52%         3
 Agony                    Necr           1%         N/A       99%         5
 Borgnjor's Revivificati  Necr           0%         N/A       100%        8
 Necromutation            Tmut/Necr      1%         N/A       100%        8
 Death's Door             Necr           0%         N/A       100%        9


Dungeon Overview and Level Annotations

Branches:
Dungeon (3/15)

Altars:

Shops:
D:2 !(:


Innate Abilities, Weirdness & Mutations

((You are very nimble when in or above water. (Stealth+, EV+, Speed+++)))
Your lower body shifts to a powerful aquatic tail in water.


Message History

The adder is moderately wounded.
The adder closely misses you. The adder attacks as you move away!
The adder closely misses you. The adder completely misses you.
The adder attacks as you move away! The adder bites you but does no damage.
You kill the adder!
You don't have enough magic to cast this spell.
Unknown command.
Aiming: Sting (safe; 4% risk of failure)
Press: ? - help, Q - select action, (/) - cycle Shift-Dir - straight line, f - orc
Aim: an orc, wielding a +0 falchion and wearing a +0 ring mail (75% to hit)
The sting misses the orc.
The orc closely misses you. The orc attacks as you move away!
The orc hits you with a +0 falchion!
* * * LOW HITPOINT WARNING * * *
The orc attacks as you move away! The orc hits you with a +0 falchion.
* * * LOW HITPOINT WARNING * * *
Okay, then.
Magic courses through your body. The orc hits you but does no damage.
Aiming: Sting (safe; 4% risk of failure)
Press: ? - help, Q - select action, (/) - cycle Shift-Dir - straight line, f/p - orc
Aim: an orc, wielding a +0 falchion and wearing a +0 ring mail (75% to hit)
The sting misses the orc.
The orc hits you with a +0 falchion.
* * * LOW HITPOINT WARNING * * *
Aiming: Sting (safe; 4% risk of failure)
Press: ? - help, Q - select action, (/) - cycle Shift-Dir - straight line, f/p - orc
Aim: an orc, wielding a +0 falchion and wearing a +0 ring mail (75% to hit)
The sting hits the orc but does no damage.
The orc is poisoned.
The orc closely misses you.
Unknown command.
Aiming: Sting (safe; 4% risk of failure)
Press: ? - help, Q - select action, (/) - cycle Shift-Dir - straight line, f/p - orc
Aim: an orc, wielding a +0 falchion and wearing a +0 ring mail (poisoned, 75% to hit)
The sting hits the orc.
The orc looks even sicker.
The orc is lightly wounded.
The orc closely misses you. The orc attacks as you move away!
The orc hits you with a +0 falchion.
You die...

##.# ####.#.####.# #... ##.###
#.#.####.# ###... .....#
##.#......###...#. ##.#.###
#...#####..[..#.#. .......# #...#
##..#.#.#. ...#.#.### #...#
##..####### .##......# #...#
#...#.#.#.# .##..#.#.# #...#
#.....#.#.#
.#...#.#.#######@..####.##....#..
.......#.#......o........#.##...#
..<.....#............)[....##.#.)
.......#.#....).........)........
.....#######8#)#....########.####
....## #.#)#....# #.# ##.##
#<#.#....# #.# #.# #.#.#....##
#.# #.# #∩#.......# #)####


You could see an orc (very poisoned).

Vanquished Creatures
  An orc priest (D:3)
  4 gnolls (D:2)
  An adder (D:2)
  A worm (D:2)
  2 orcs (D:3)
  8 endoplasms
  9 giant cockroaches
  4 hobgoblins (D:1)
  A ball python (D:2)
  6 bats
  3 frilled lizards (D:2)
  3 goblins (D:2)
  3 kobolds
  5 rats
51 creatures vanquished.

Vanquished Creatures (others)
  A plant (D:3)
1 creature vanquished.

Grand Total: 52 creatures vanquished

Notes
Turn   | Place    | Note
-------+----------+-------------------------------------------
     0 | D:1      | raph the Merfolk Venom Mage began the quest for the Orb.
     0 | D:1      | Reached XP level 1. HP: 13/13 MP: 3/3
   266 | D:1      | Reached XP level 2. HP: 19/19 MP: 1/5
   339 | D:1      | Reached skill level 4 in Poison Magic
   863 | D:1      | Learned a level 2 spell: Poisonous Vapours
  1041 | D:1      | Reached XP level 3. HP: 21/24 MP: 1/6
  1115 | D:2      | Found Edghewey's Distillery.
  1185 | D:2      | Bought a potion of curing for 39 gold pieces
  1185 | D:2      | Bought 2 potions of degeneration for 26 gold pieces
  1231 | D:2      | Found Taovar's Antique Weapon Shop.
  1256 | D:2      | Found Logeov's Book Shoppe.
  1258 | D:2      | Found Puhufeg's Assorted Antiques.
  1799 | D:2      | Reached skill level 5 in Poison Magic
  1810 | D:2      | Reached XP level 4. HP: 16/30 MP: 0/7
  2011 | D:2      | Learned a level 3 spell: Mephitic Cloud
  2161 | D:2      | Found a faded altar of an unknown god.
  2815 | D:3      | Reached XP level 5. HP: 25/35 MP: 1/8
  2842 | D:2      | Slain by an orc

Illustrated notes

Levels and vault maps discovered:
D:1:      scummos_arrival_checkerplants, layout_rooms,
          chequers_serial_rivers_room_b
D:2:      layout_loops_cross, shapermc_ecumenical_altar_mp_vishouse,
          serial_shops, shop, shop, shop_statue, shop, hangedman_glass_teeth,
          minmay_worlds_worst_comb
D:3:      layout_rooms, nicolae_overflow_squiral, nicolae_grassy_gnolls,
          uniq_grinder

Skill      XL: |  1  2  3 |
---------------+----------+-----
Poison Magic   | 4 5 |  5.9
Dodging        | |  2.6
Stealth        | |  2.1
Spellcasting   | |  2.2
Conjurations   | |  0.6
Transmutations | |  1.3

Action                   |  1- 3 |  4- 6 || total
-------------------------+-------+-------++-------
Melee: Unarmed           |     5 |       ||     5
       Short sword       |    40 |    27 ||    67
 Cast: Sting             |    48 |    21 ||    69
       Poisonous Vapours |     6 |     6 ||    12
  Use: Scroll            |     1 |       ||     1
       Potion            |       |     1 ||     1
 Stab: Sleeping          |       |     1 ||     1
Armor: Robe              |    15 |    14 ||    29
Dodge: Dodged            |    56 |    32 ||    88
